 Dungeon Crawl Stone Soup version 0.19.1 (webtiles) character file.

444 Banto the Ducker (level 7, -9/47 HPs)
             Began as a Merfolk Ice Elementalist on Dec 8, 2016.
             Was an Initiate of Yredelemnul.
             Killed from afar by BoredOne's ghost (16 damage)
             ... with an orb of energy
             ... on level 4 of the Dungeon.
             The game lasted 00:08:51 (4452 turns).

Banto the Ducker (Merfolk Ice Elementalist)         Turns: 4452, Time: 00:08:52

Health: -9/47      AC:  5    Str:  8    XL:     7   Next: 3%
Magic:  10/10      EV: 16    Int: 15    God:    Yredelemnul [......]
Gold:   218        SH:  0    Dex: 16    Spells: 3 memorised, 4 levels left

rFire  . . .     SeeInvis +     g - +0 dagger
rCold  . . .     Gourm    .     j - +2 robe {MR+}
rNeg   . . .     Faith    .     (no shield)
rPois  .         Spirit   .     (no helmet)
rElec  .         Reflect  .     (no cloak)
rCorr  .         Harm     .     l - +0 pair of gloves
MR     +....     Rnd*Tele +     (no boots)
Stlth  +.........               (no amulet)
                                o - ring of see invisible
                                m - ring of teleportation (curse)

@: confused
A: change form in water, swift swim, stealthy swim
a: Renounce Religion


You were on level 4 of the Dungeon.
You worshipped Yredelemnul.
Yredelemnul was noncommittal.
You were hungry.

You visited 2 branches of the dungeon, and saw 5 of its levels.

You collected 218 gold pieces.

Inventory:

Hand Weapons
 g - a +0 dagger (weapon)
Armour
 j - a +2 robe of magic resistance (worn)
 l - a +0 pair of gloves (worn)
Jewellery
 m - a cursed ring of teleportation (left hand)
 o - a ring of see invisible (right hand)
Wands
 f - a wand of paralysis (0/24)
Scrolls
 e - a scroll of fear
Potions
 d - 3 potions of curing
 h - 3 potions of heal wounds
Books
 b - a book of Frost

   Spells                             Type                      Level
   a - Freeze                         Ice                          1
   b - Throw Frost                    Conjuration/Ice              2
   c - Ozocubu's Armour               Charms/Ice                   3
   d - Throw Icicle                   Conjuration/Ice              4
   e - Summon Ice Beast               Ice/Summoning                4
Comestibles
 a - 2 meat rations
 c - 3 bread rations


   Skills:
 - Level 0.7 Fighting
 + Level 6.2 Dodging
 - Level 2.1 Stealth
 - Level 2.0 Spellcasting
 - Level 0.7 Conjurations
 + Level 4.3 Charms
 - Level 5.0 Ice Magic


You had 4 spell levels left.
You knew the following spells:

 Your Spells              Type           Power        Failure   Level  Hunger
a - Freeze                Ice            ###.         2%          1    #......
b - Throw Frost           Conj/Ice       ##....       12%         2    ###....
c - Ozocubu's Armour      Chrm/Ice       ###.....     12%         3    ###....


Dungeon Overview and Level Annotations

Branches:
Dungeon (4/15)             Temple (1/1) D:4

Altars:
Ashenzari
Cheibriados
Dithmenos
Fedhas
Gozag
Hepliaklqana
Kikubaaqudgha
Makhleb
Nemelex Xobeh
Okawaru
Qazlal
Trog
Uskayaw
Vehumet
Xom
Yredelemnul
Zin
The Shining One

Annotations:
D:4 BoredOne's ghost, novice TeCj


Message History

BoredOne's ghost casts a spell at you. The spray of energy hits you!
You are confused.
You take 11 damage, and have 24/47 hp.
MASSIVE DAMAGE!!
You bump into the metal wall.
BoredOne's ghost gestures at you while chanting.
The magic dart hits you!
You take 6 damage, and have 18/47 hp.
Evoke which item? (* to show all) (? for menu, Esc to quit)
Evoke which item? (* to show all) (? for menu, Esc to quit)
Evoke which item? (* to show all) (? for menu, Esc to quit)
Evoke which item? (* to show all) (? for menu, Esc to quit)
Okay, then.
You're too confused to move!
BoredOne's ghost hits you!
* * * LOW HITPOINT WARNING * * *
You take 11 damage, and have 7/47 hp.
MASSIVE DAMAGE!!
BoredOne's ghost casts a spell at you. The orb of energy hits you!
You die...
Your body rises from the dead as a mindless zombie.

#.# #.##.# #####.###.##.#
.............#
#####.###.##.# # #.# #.##.#
## #.# #.##.# .# #.##.# .#
#.##.# #♣♣♣♣P♣ .#
#..♣.♣##@.♣P.♣♣### ..
##......)....P♣...#
#♣#♣#♣#♣.♣#♣.♣W♣<.♣♣♣..#.#
.......................#.#
.♣.♣.♣#♣W♣#♣.♣.♣.......#.#
.....W........#........#.#
###..#####.♣.♣#...........
...h..gh.....##.###.#......
###.!####.....#.# #.###...#


You could see BoredOne's ghost.

Vanquished Creatures
  A black bear (Temple)
  An ogre (D:2)
  2 orc priests
  An orc wizard (D:3)
  3 gnolls
  6 adders
  2 oozes
  A worm (D:2)
  2 dart slugs
  5 leopard geckos
  5 orcs
  A giant cockroach (D:4)
  6 goblins
  11 hobgoblins
  8 jackals
  14 bats
  4 frilled lizards
  6 kobolds
  A leopard gecko skeleton (D:4)
  10 rats
90 creatures vanquished.

Notes
Turn   | Place    | Note
-------+----------+-------------------------------------------
     0 | D:1      | Banto the Merfolk Ice Elementalist began the quest for the Orb.
     0 | D:1      | Reached XP level 1. HP: 13/13 MP: 3/3
   457 | D:1      | Reached XP level 2. HP: 19/19 MP: 0/5
   752 | D:1      | Learned a level 2 spell: Throw Frost
   936 | D:2      | Found a stormy altar of Qazlal.
   937 | D:2      | Noticed a water elemental
   943 | D:2      | Reached XP level 3. HP: 24/24 MP: 1/6
   945 | D:2      | Noticed an air elemental
   948 | D:2      | Noticed an earth elemental
   948 | D:2      | Noticed a fire elemental
  1189 | D:2      | Reached skill level 5 in Ice Magic
  1276 | D:2      | Reached XP level 4. HP: 31/31 MP: 1/7
  1304 | D:2      | Learned a level 3 spell: Ozocubu's Armour
  1351 | D:2      | Noticed an ogre
  1754 | D:2      | Reached skill level 3 in Dodging
  2043 | D:3      | Reached skill level 1 in Charms
  2232 | D:2      | Killed an ogre
  2232 | D:2      | Reached skill level 4 in Dodging
  2232 | D:2      | Reached XP level 5. HP: 34/36 MP: 0/8
  2356 | D:3      | Reached XP level 6. HP: 30/42 MP: 5/9
  2456 | D:3      | Reached skill level 5 in Dodging
  2996 | D:4      | Found a staircase to the Ecumenical Temple.
  2997 | D:4      | Noticed BoredOne's ghost (novice TeCj)
  3000 | D:4      | Found an iron altar of Okawaru.
  3002 | Temple   | Entered the Ecumenical Temple
  3062 | Temple   | Became a worshipper of Yredelemnul the Dark
  3076 | D:4      | Noticed a black bear
  3105 | Temple   | Killed a black bear
  3554 | D:4      | HP: 2/42 [orc/flail (2)]
  3959 | D:4      | Reached skill level 6 in Dodging
  3986 | D:4      | Reached XP level 7. HP: 19/47 MP: 0/10
  4452 | D:4      | Killed from afar by BoredOne's ghost

Skill      XL: |  1  2  3  4  5  6 |
---------------+-------------------+-----
Ice Magic      | 4 5 |  5.0
Dodging        | 4 6 |  6.2
Charms         | 2 3 4 |  4.3
Fighting       | |  0.7
Stealth        | |  2.1
Spellcasting   | |  2.0
Conjurations   | |  0.7

Action                   |  1- 3 |  4- 6 |  7- 9 || total
-------------------------+-------+-------+-------++-------
Melee: Unarmed           |     4 |       |       ||     4
       Dagger            |    25 |   109 |     8 ||   142
       Tailslap          |       |     1 |     3 ||     4
 Cast: Freeze            |    39 |    75 |     4 ||   118
       Throw Frost       |     2 |    12 |       ||    14
       Ozocubu's Armour  |       |     2 |       ||     2
Evoke: Wand              |       |     3 |     1 ||     4
  Use: Scroll            |     4 |     2 |     1 ||     7
       Potion            |       |     1 |       ||     1
 Stab: Sleeping          |     5 |     4 |       ||     9
       Paralysed         |       |     5 |       ||     5
  Eat: Chunk             |     2 |    10 |     1 ||    13
       Beef jerky        |       |     1 |       ||     1
Armor: Robe              |    22 |    51 |       ||    73
Dodge: Dodged            |    38 |   148 |     8 ||   194

Table legend:
 A = Turns spent in this place as a percentage of turns spent in the entire game.
 B = Non-inter-level travel turns spent in this place as a percentage of non-inter-level travel turns spent in the entire game.
 C = Inter-level travel turns spent in this place as a percentage of turns spent in this place.
 D = Turns resting spent in this place as a percentage of non-inter-level travel turns spent in this place.
 E = Turns spent auto-exploring this place as a percentage of non-inter-level travel turns spent in this place.
 F = Non-inter-level travel turns spent in this place divided by the number of levels of this place that you've seen.
                   A       B       C       D       E      F
               +-------+-------+-------+-------+-------+----------------------
         Total | 100.0 | 100.0 |   0.8 |   7.3 |   7.3 | 256.2
       Dungeon |  91.5 |  91.6 |   0.7 |   7.0 |   8.0 | 293.2
        Temple |   8.5 |   8.4 |   1.8 |  10.2 |   0.0 | 108.0
               +-------+-------+-------+-------+-------+----------------------

Table legend:
 A = Kills in this place as a percentage of kills in entire the game.
 B = Kills by you in this place as a percentage of kills by you in the entire game.
 C = Kills by friends in this place as a percentage of kills by friends in the entire game.
 D = Other kills in this place as a percentage of other kills in the entire game.
 E = Experience gained in this place as a percentage of experience gained in the entire game.
 F = Experience gained in this place divided by the number of levels of this place that you have seen.
                   A       B       C       D       E      F
               +-------+-------+-------+-------+-------+----------------------
         Total | 100.0 | 100.0 |  -nan |  -nan | 100.0 | 127.0
       Dungeon |  96.7 |  96.7 |  -nan |  -nan |  75.1 | 119.2
        Temple |   3.3 |   3.3 |  -nan |  -nan |  24.9 | 158.0
               +-------+-------+-------+-------+-------+----------------------
